 Dungeon Crawl Stone Soup version 0.27.0-1-g7a089689b8 (webtiles) character file.

Game seed: 9550631268603718361

15064 Strat the Cleaver (level 11, -2/108 HPs)
             Began as a Deep Dwarf Fighter on Aug 7, 2021.
             Was a Priest of Makhleb.
             Slain by a blink frog (7 damage)
             ... on level 5 of the Lair of Beasts.
             The game lasted 00:24:42 (7486 turns).

Strat the Cleaver (Deep Dwarf Fighter)              Turns: 7486, Time: 00:24:43

Health: -2/108     AC: 19    Str: 23    XL:     11   Next: 96%
Magic:  4/4        EV: 22    Int:  9    God:    Makhleb [***...]
Gold:   628        SH:  0    Dex: 12    Spells: 10/10 levels left

rFire    . . .     SeeInvis .   a - +0 war axe (protect)
rCold    . . .     Faith    .   (no shield)
rNeg     . . .     Spirit   .   L - +0 plate armour
rPois    +         Reflect  .   A - +1 helmet
rElec    .         Harm     .   (no cloak)
rCorr    .         Rampage  .   i - +0 pair of gloves
Will     +....                  y - +0 pair of boots
Stlth    ..........             o - amulet of the acrobat
HPRegen  0.00/turn              j - ring of wizardry
MPRegen  0.09/turn              W - ring of poison resistance

@: acrobatic
A: damage resistance, heal wounds, sense surroundings 2, no regeneration
a: Heal Wounds, Renounce Religion, Minor Destruction, Lesser Servant of Makhleb


You were on level 5 of the Lair of Beasts.
You worshipped Makhleb.
Makhleb was most pleased with you.
You visited 3 branches of the dungeon, and saw 14 of its levels.
You also visited: Sewer.

You collected 628 gold pieces.

Inventory:

Hand Weapons
 a - a +0 war axe of protection (weapon)
 b - a +3 hunting sling of flaming
 I - a +0 fustibalus
 P - a +0 dire flail
 U - a +1 morningstar of venom
Missiles
 g - 256 stones
 h - 49 poisoned darts
 n - 111 sling bullets
 J - 3 throwing nets
Armour
 c - a +0 kite shield
 i - a +0 pair of gloves (worn)
 w - a +0 scale mail
 y - a +0 pair of boots (worn)
 A - a +1 helmet (worn)
 L - a +0 plate armour (worn)
Jewellery
 j - a ring of wizardry (left hand)
 m - an amulet of faith
 o - an amulet of the acrobat (around neck)
 W - a ring of poison resistance (right hand)
Wands
 e - a wand of digging (2)
 H - a wand of polymorph (8)
 Y - a wand of flame (28)
Scrolls
 k - 9 scrolls of teleportation
 l - a scroll of fog
 q - a scroll of fear
 r - a scroll of summoning
 v - a scroll of enchant weapon
 B - a scroll of amnesia
 K - 2 scrolls of noise
 M - a scroll of blinking
 N - 2 scrolls of holy word
 O - a scroll of brand weapon
Potions
 d - a potion of might
 f - 2 potions of cancellation
 p - a potion of invisibility
 t - 3 potions of haste
 u - 2 potions of resistance {unknown}
 x - 7 potions of curing {unknown}
 z - 6 potions of brilliance {unknown}
 C - a potion of berserk rage {unknown}
 D - a potion of ambrosia {unknown}
 Q - 2 potions of mutation {unknown}
 T - a potion of flight {unknown}
 V - a potion of lignification {unknown}


   Skills:
 - Level 10.0 Fighting
 - Level 14.0 Axes
 - Level 10.0 Armour
 + Level 5.4 Shields
 + Level 4.9 Invocations


You had 10 spell levels left.
You didn't know any spells.
Your spell library contained the following spells:

 Spells                   Type           Power      Damage    Failure   Level
 Animate Skeleton         Necr           0%         N/A       86%         1
 Apportation              Tloc           0%         N/A       86%         1
 Corona                   Hex            0%         N/A       86%         1
 Sandblast                Erth           0%         2d4       86%         1
 Summon Small Mammal      Summ           0%         N/A       86%         1
 Blink                    Tloc           N/A        N/A       95%         2
 Passwall                 Tmut/Erth      0%         N/A       95%         2
 Call Canine Familiar     Summ           0%         N/A       99%         3
 Gell's Gravitas          Tloc           0%         N/A       99%         3
 Lesser Beckoning         Tloc           0%         N/A       99%         3
 Portal Projectile        Hex/Tloc       0%         N/A       99%         3
 Teleport Other           Tloc           0%         N/A       99%         3
 Tukima's Dance           Hex            0%         N/A       99%         3
 Animate Dead             Necr           0%         N/A       100%        4
 Leda's Liquefaction      Hex/Erth       0%         N/A       100%        4
 Passage of Golubria      Tloc           N/A        N/A       100%        4
 Lee's Rapid Deconstruct  Erth           0%         3d5*      100%        5
 Manifold Assault         Tloc           0%         N/A       100%        5
 Yara's Violent Unravell  Hex/Tmut       0%         3d3       100%        5
 Haunt                    Necr/Summ      0%         N/A       100%        7
 Infestation              Necr           0%         N/A       100%        8


Dungeon Overview and Level Annotations

Branches:
Dungeon (8/15)             Temple (1/1) D:6            Lair (4/6) D:8
  Swamp (0/4) Lair:3       Spider (0/4) Lair:4        Sewer (visited)

Altars:
Ashenzari
Cheibriados
Dithmenos
Fedhas
Gozag
Hepliaklqana
Kikubaaqudgha
Makhleb
Okawaru
Qazlal
Ru
Sif Muna
Trog
Uskayaw
Wu Jian
Xom
Yredelemnul
Zin
The Shining One

Shops:
D:8 **


Innate Abilities, Weirdness & Mutations

You are resistant to damage.
You can heal yourself by infusing magical energy.
You passively map the area around you.
You do not regenerate.


Message History

Makhleb accepts your kill.
k - 8 scrolls of teleportation (gained 1)
k - 9 scrolls of teleportation (gained 1)
g - 255 stones (gained 1)
g - 256 stones (gained 1)
You now have 628 gold pieces (gained 24).
A blink frog comes into view.
The blink frog gives a loud, deep croak!
A blink frog comes into view.
The blink frog croaks.
You hear a loud, deep croak!
You hear a croak. x2
You hear an angry hiss.
A blink frog comes into view.
The blink frog gives a loud, deep croak!
You hear an angry hiss.
A blink frog comes into view.
You slash the blink frog!
Your weapon exudes an aura of protection.
The blink frog is heavily wounded.
The blink frog hits you!
* * * LOW HITPOINT WARNING * * *
The blink frog blinks!
A blink frog comes into view.
A basilisk comes into view.
The blink frog blinks!
The blink frog blinks!
The blink frog gives a loud, deep croak!
The blink frog blinks!
The blink frog blinks!
The blink frog misses you.
You closely miss the blink frog.
The blink frog is heavily wounded.
The blink frog hits you but does no damage.
The blink frog blinks! x2; The blink frog hits you.
* * * LOW HITPOINT WARNING * * *
You closely miss the blink frog.
The blink frog is heavily wounded.
The blink frog hits you!
* * * LOW HITPOINT WARNING * * *
The blink frog blinks!
The blink frog barely misses you.
The blink frog blinks! x2; The blink frog hits you!
You die...

, ,, , , * *...§... , , * *
###....... * , ,, ##.#.......
,,, * #P......... , * #.........
* , , *** #######.l......P, , ,,
#....#.........., , ,,,
#..#.F..§§...... , ,
##..F@.F..........
###.........F........ *
###.....§..............
..#*##...............F......,
....##.......................
.......#...................... ,
..............................,,
..............................,
.............................. ,


You could see a basilisk and 5 blink frogs.

Vanquished Creatures
  A boulder beetle (Lair:2)
  A centaur warrior (D:8)
  A two-headed ogre (D:8)
  2 death yaks (Lair:3)
  2 centaur zombies
  12 cane toads
  4 komodo dragons
  2 rime drakes
  A troll (Lair:5)
  A hornet (D:7)
  3 blink frogs (Lair:3)
  2 redbacks (Lair:4)
  6 yaks (D:4)
  2 wyverns
  2 basilisks
  A steam dragon (D:7)
  9 water moccasins
  2 orc warriors (D:7)
  A sky beast (D:6)
  5 black bears
  2 ogres
  6 wolves (Lair:4)
  A centaur (D:8)
  A wyvern zombie (D:7)
  7 bullfrogs
  A kobold brigand (D:6)
  A scorpion (D:4)
  A jelly (D:6)
  4 hounds
  4 orc priests
  3 iguanas
  A gnoll shaman (D:7)
  Ijyb (D:5)
  An orc wizard (D:7)
  A hound skeleton (D:4)
  2 howler monkey zombies
  8 adders
  3 gnolls (D:7)
  A shadow imp (D:8)
  2 white imps
  3 worms (D:2)
  2 dart slugs
  20 orcs
  4 bats
  7 endoplasms
  4 giant cockroaches
  6 goblins
  5 hobgoblins
  8 jackals (D:1)
  11 kobolds
  3 quokkas
  16 ball pythons
  8 frilled lizards
  13 rats
221 creatures vanquished.

Vanquished Creatures (others)
  A bush (Lair:3)
  13 fungi
  14 plants
28 creatures vanquished.

Grand Total: 249 creatures vanquished

Notes
Turn   | Place    | Note
-------+----------+-------------------------------------------
     0 | D:1      | Strat the Deep Dwarf Fighter began the quest for the Orb.
     0 | D:1      | Reached XP level 1. HP: 20/20 MP: 1/1
    83 | D:1      | Found a faded altar of an unknown god.
   181 | D:1      | Reached XP level 2. HP: 27/27 MP: 2/2
   213 | D:1      | Reached skill level 3 in Axes
   265 | D:1      | Reached XP level 3. HP: 19/34 MP: 3/3
   702 | D:2      | Reached XP level 4. HP: 38/42 MP: 4/4
  1023 | D:3      | Reached skill level 4 in Axes
  1320 | D:3      | Found a glowing drain.
  1334 | D:3      | Reached XP level 5. HP: 27/49 MP: 5/5
  1346 | Sewer    | Entered a sewer
  1834 | D:4      | Noticed a black bear
  1904 | D:4      | Noticed a yak
  1957 | D:4      | Killed a yak
  1958 | D:4      | Reached skill level 5 in Axes
  1958 | D:4      | Reached XP level 6. HP: 19/57 MP: 6/6
  2032 | D:4      | Reached skill level 5 in Armour
  2071 | D:4      | Reached skill level 6 in Axes
  2126 | D:4      | Reached XP level 7. HP: 33/64 MP: 7/7
  2248 | D:4      | Noticed a yak
  2249 | D:4      | Noticed a yak
  2249 | D:4      | Noticed a yak
  2250 | D:4      | Noticed a yak
  2250 | D:4      | Noticed a yak
  2270 | D:4      | Killed a yak
  2275 | D:4      | Killed a yak
  2276 | D:4      | Reached skill level 7 in Axes
  2282 | D:4      | Killed a yak
  2283 | D:4      | Reached skill level 5 in Fighting
  2283 | D:4      | Reached XP level 8. HP: 57/74 MP: 8/8
  2294 | D:4      | Reached skill level 8 in Axes
  2636 | D:5      | Entered Level 5 of the Dungeon
  2958 | D:5      | Noticed Ijyb
  2964 | D:5      | Reached skill level 9 in Axes
  2978 | D:5      | Killed Ijyb
  2989 | D:5      | Noticed a +0 dagger
  3121 | D:5      | Noticed a +0 hand axe
  3122 | D:5      | Found a hide-covered altar of Uskayaw.
  3316 | D:6      | Found a staircase to the Ecumenical Temple.
  3325 | Temple   | Entered the Ecumenical Temple
  3454 | Temple   | Became a worshipper of Makhleb the Destroyer
  3723 | D:6      | Gained mutation: You passively map the area around you.
                  | [Deep Dwarf growth]
  3723 | D:6      | Reached XP level 9. HP: 77/82 MP: 8/8
  4124 | D:7      | Reached skill level 10 in Axes
  4128 | D:7      | Reached * piety under Makhleb
  4457 | D:7      | Identified the +1 whip "Idghak" {distort, Dex+6}
  4569 | D:7      | Found a glowing golden altar of the Shining One.
  4711 | D:8      | Found a staircase to the Lair.
  4714 | D:8      | Found Runi's Assorted Antiques.
  4733 | D:8      | Found Punueson's Book Shop.
  4737 | D:8      | Found Ryerucve's Assorted Antiques.
  4750 | D:8      | Noticed a two-headed ogre
  4754 | D:8      | Killed a two-headed ogre
  4755 | D:8      | Reached skill level 11 in Axes
  4755 | D:8      | Reached XP level 10. HP: 71/94 MP: 9/9
  4853 | D:8      | Noticed a centaur warrior
  4875 | D:8      | Killed a centaur warrior
  5248 | Lair:1   | Entered Level 1 of the Lair of Beasts
  5272 | Lair:1   | Reached ** piety under Makhleb
  5374 | Lair:1   | Noticed a cane toad
  5379 | Lair:1   | Killed a cane toad
  5484 | Lair:1   | Reached skill level 12 in Axes
  5642 | Lair:1   | Noticed a cane toad
  5655 | Lair:1   | Killed a cane toad
  5966 | Lair:2   | Noticed a cane toad
  6014 | Lair:2   | Noticed a boulder beetle
  6107 | Lair:3   | Found a staircase to the Swamp.
  6115 | Lair:3   | Noticed a death yak
  6115 | Lair:3   | Noticed a death yak
  6116 | Lair:3   | Noticed a death yak
  6116 | Lair:3   | Noticed a death yak
  6230 | Lair:3   | Killed a death yak
  6242 | Lair:3   | Killed a death yak
  6253 | Lair:3   | Noticed a cane toad
  6260 | Lair:3   | Killed a cane toad
  6261 | Lair:3   | Reached XP level 11. HP: 65/104 MP: 8/8
  6270 | Lair:3   | Noticed a seven-headed hydra
  6318 | Lair:2   | Reached skill level 13 in Axes
  6474 | Lair:2   | Reached skill level 10 in Armour
  6552 | Lair:2   | Killed a boulder beetle
  6700 | Lair:3   | Noticed a seven-headed hydra
  6844 | Lair:3   | Reached skill level 14 in Axes
  6864 | Lair:3   | Noticed an eight-headed hydra
  6874 | Lair:3   | Noticed a death yak
  6876 | Lair:3   | Noticed a seven-headed hydra
  6887 | Lair:3   | Noticed a death yak
  7014 | Lair:4   | Reached skill level 1 in Invocations
  7160 | Lair:4   | Reached *** piety under Makhleb
  7178 | Lair:4   | Found a hole to the Spider Nest.
  7231 | Lair:4   | You fall into a shaft and drop 1 floor!
  7340 | Lair:5   | Reached skill level 5 in Shields
  7425 | Lair:5   | Reached skill level 10 in Fighting
  7485 | Lair:5   | HP: 5/108 [blink frog (10)]
  7486 | Lair:5   | Slain by a blink frog

Illustrated notes

Levels and vault maps discovered:
D:1:      onia_arrival_mini_spirals, layout_rooms, basic_ecumenical_altar
D:2:      layout_loops_ring, minmay_hedge_maze
D:3:      wander_river, layout_loops_cross, portal_sewer_entry_b,
          minmay_strange_pillars
D:4:      layout_rooms, minmay_curled_crystal, chequers_serial_rivers_large_a
D:5:      layout_basic, dancing_weapons_uskayaw, uniq_ijyb
D:6:      layout_basic, minmay_temple_entry_poolview, kennysheep_cluttered_room,
          lemuel_old_faithful
D:7:      layout_rooms, tso_metal_star, minmay_misc_feat_pillars
D:8:      layout_loops_corners, lair_entry_dummy, serial_shops,
          nicolae_shop_statue_plus, nicolae_shop_crystal, shop
Temple:   minmay_crystal_spiral_temple
Lair:1:   layout_cave_pods
Lair:2:   layout_misc_corridors, grunt_megastairs_2
Lair:3:   layout_gridlike, swamp_mist
Lair:4:   layout_roguey, spider_nest_entry_webs
Lair:5:   layout_hall_layers, infiniplex_staircase_pool

Skill      XL: |  1  2  3  4  5  6  7  8  9 10 11 |
---------------+----------------------------------+-----
Axes           | 3 4 5 6 7 9 11 12 14 | 14.0
Fighting       | 3 4 5 6 7 8 10 | 10.0
Armour         | 4 5 6 7 8 9 10 | 10.0
Invocations    | 4 |  4.9
Shields        | 5 |  5.4

Action                   |  1- 3 |  4- 6 |  7- 9 | 10-12 || total
-------------------------+-------+-------+-------+-------++-------
Melee: War axe           |   118 |   150 |   226 |   514 ||  1008
 Fire: Fustibalus        |       |     5 |    38 |       ||    43
       Hunting sling     |       |       |    25 |    34 ||    59
 Abil: Heal Wounds       |     1 |     4 |     8 |    26 ||    39
Evoke: Wand              |       |       |     7 |    13 ||    20
  Use: Scroll            |       |     4 |       |    18 ||    22
       Potion            |       |       |       |     4 ||     4
 Stab: Paralysed         |       |       |     5 |       ||     5
Armor: Scale mail        |    72 |    86 |   149 |       ||   307
       Plate armour      |       |       |    37 |   339 ||   376
Dodge: Dodged            |    65 |   121 |   136 |   167 ||   489
